 Dungeon Crawl Stone Soup version 0.22.1-1-ga44c0e56f4 (webtiles) character file.

389 Oyasumi the Shooter (level 6, -2/51 HPs)
             Began as a Centaur Arcane Marksman on Sept 27, 2018.
             Slain by a centaur skeleton (4 damage)
             ... on level 5 of the Dungeon.
             The game lasted 00:21:44 (3931 turns).

Oyasumi the Shooter (Centaur Arcane Marksman)       Turns: 3931, Time: 00:21:47

Health: -2/51      AC:  7    Str: 13    XL:     6   Next: 49%
Magic:  7/7        EV: 10    Int: 12    God:
Gold:   167        SH:  0    Dex: 11    Spells: 6/7 levels left

rFire    + . .     SeeInvis .   v - +0 short sword (drain)
rCold    . . .     Gourm    .   (no shield)
rNeg     . . .     Faith    .   e - +0 robe
rPois    .         Spirit   .   (no helmet)
rElec    .         Reflect  .   u - +2 cloak
rCorr    .         Harm     .   (no gloves)
MR       .....                  (no barding)
Stlth    +.........             (no amulet)
HPRegen  0.17/turn              (no ring)
MPRegen  0.10/turn              (no ring)

@: lethally poisoned (-2 -> -5), very quick
A: large, hooves 3, deformed body, fire resistance 1, speed 2, screaming 1,
tough skin 3
a: no special abilities


You were on level 5 of the Dungeon.
You were not hungry.

You visited 1 branch of the dungeon, and saw 5 of its levels.

You collected 167 gold pieces.

Inventory:

Hand Weapons
 a - a +0 shortbow
 v - a +0 short sword of draining (weapon)
Missiles
 d - 40 arrows
 h - 160 stones (quivered)
Armour
 b - a +0 leather armour
 e - a +0 robe (worn)
 u - a +2 cloak (worn)
Scrolls
 j - a scroll of enchant weapon {unknown}
 k - a scroll of enchant armour {unknown}
 l - a scroll of immolation {unknown}
 n - 2 scrolls of blinking {unknown}
 p - 7 scrolls of identify {unknown}
 q - 2 scrolls of fear
 s - a scroll of noise {unknown}
 t - a scroll of remove curse {unknown}
 x - a scroll of fog {unknown}
Potions
 c - a potion of curing {unknown}
 g - 2 potions of flight {unknown}
 i - a potion of agility {unknown}
 o - 3 potions of mutation
 r - a potion of brilliance {unknown}
 w - a potion of invisibility {unknown}
 z - a potion of cancellation {unknown}
Comestibles
 f - 3 rations


   Skills:
 * Level 3.0 Fighting
 + Level 1.1 Short Blades
 * Level 6.9 Bows
 + Level 2.1 Dodging
 + Level 0.1 Stealth
 + Level 1.0 Spellcasting
 + Level 3.2 Hexes


You had 6 spell levels left.
You knew the following spells:

 Your Spells              Type           Power        Failure   Level  Hunger
a - Corona                Hex            #......      8%          1    ##.....

Your spell library contained the following spells:

 Spells                   Type           Power        Failure   Level  Hunger
 Slow                     Hex            #.......     12%         2    ###....
 Inner Flame              Hex/Fire       #.......     43%         3    ####...
 Portal Projectile        Hex/Tloc       #.....       43%         3    ####...
 Cause Fear               Hex            #.........   61%         4    #####..
 Leda's Liquefaction      Hex/Erth       #.........   83%         4    #####..


Dungeon Overview and Level Annotations

Branches:
Dungeon (5/15)
 Temple: D:4-7

Altars:
Elyvilon
Nemelex Xobeh
Trog

Annotations:
D:4 Grinder


Innate Abilities, Weirdness & Mutations

You have hooves in place of feet.
Armour fits poorly on your strangely shaped body.
You cover ground very quickly.
You have extremely tough skin. (AC +3)
Your flesh is heat resistant. (rF+)
You occasionally shout uncontrollably at your foes.


Message History

There is a stone staircase leading up, spattered with blood here.
You feel sick. The centaur skeleton hits you.
* * * LOW HITPOINT WARNING * * *
The giant cockroach bites you but does no damage.
The centaur skeleton hits you.
* * * LOW HITPOINT WARNING * * *
The giant cockroach barely misses you.
You climb upwards.
Level annotation: Grinder
* * * LOW HITPOINT WARNING * * *
You feel sick.
The worker ant bites you but does no damage.
There is a stone staircase leading down, spattered with blood here.
The worker ant bites you but does no damage.
The giant cockroach barely misses you.
The worker ant bites you but does no damage.
You climb downwards.
* * * LOW HITPOINT WARNING * * *
You feel sick. The centaur skeleton hits you.
You die...

##.≈≈o ≈#≈w# #
##. .##.. .#.#
####...##. #
.w.......
#.w###a......#
#....@s.......
#.####Z......#
##....###
.(....#
#######


You could see a worker ant, 2 dart slugs, a giant cockroach and a centaur
skeleton.

Vanquished Creatures
  The ghost of Zarr the Sneak, an amateur KoEn (D:3)
  A water moccasin (D:5)
  A bullfrog skeleton (D:4)
  4 adders
  A shadow imp (D:2)
  A worm (D:3)
  2 dart slugs
  2 leopard geckos
  4 bats
  7 goblins
  3 hobgoblins
  10 jackals
  6 kobolds (D:1)
  3 frilled lizards
  2 rats (D:1)
48 creatures vanquished.

Vanquished Creatures (others)
  A wizard (D:3)
1 creature vanquished.

Grand Total: 49 creatures vanquished

Notes
Turn   | Place    | Note
-------+----------+-------------------------------------------
     0 | D:1      | Oyasumi the Centaur Arcane Marksman began the quest for the
                  | Orb.
     0 | D:1      | Reached XP level 1. HP: 16/16 MP: 2/2
    16 | D:1      | Reached skill level 3 in Bows
   220 | D:1      | Reached XP level 2. HP: 23/23 MP: 3/3
   664 | D:1      | Reached XP level 3. HP: 23/28 MP: 4/4
  1011 | D:2      | Reached skill level 4 in Bows
  1259 | D:2      | Found a sparkling altar of Nemelex Xobeh.
  1261 | D:2      | Found a white marble altar of Elyvilon.
  1830 | D:2      | Gained mutation: You occasionally shout uncontrollably at
                  | your foes. [potion of mutation]
  1830 | D:2      | Gained mutation: Your flesh is heat resistant. (rF+)
                  | [potion of mutation]
  1830 | D:2      | HP: 1/28 [poisoned by an adder]
  1834 | D:2      | Reached XP level 4. HP: 33/35 MP: 5/5
  2357 | D:3      | Found a bloodstained altar of Trog.
  2358 | D:3      | Noticed a wizard
  2365 | D:3      | Killed a wizard
  2649 | D:4      | Reached skill level 5 in Bows
  2812 | D:4      | Found a runed door.
  2813 | D:4      | Noticed Zarr's ghost (amateur KoEn)
  2875 | D:5      | Entered Level 5 of the Dungeon
  3167 | D:3      | Killed Zarr's ghost
  3167 | D:3      | Reached skill level 6 in Bows
  3167 | D:3      | Reached XP level 5. HP: 36/42 MP: 6/6
  3167 | D:3      | Reached XP level 6. HP: 42/50 MP: 7/7
  3474 | D:5      | Noticed Grinder
  3815 | D:5      | Noticed a water moccasin
  3920 | D:5      | Killed a water moccasin
  3920 | D:5      | Reached skill level 1 in Short Blades
  3931 | D:5      | HP: 2/51 [poisoned by a water moccasin]
  3931 | D:5      | Slain by a centaur skeleton

Skill      XL: |  1  2  3  4  5  6 |
---------------+-------------------+-----
Bows           | 3 4 6 |  6.9
Hexes          | 3 |  3.2
Fighting       | 2 3 |  3.0
Short Blades   | 1 |  1.1
Dodging        | 2 |  2.1
Stealth        | |  0.1
Spellcasting   | |  1.0

Action                   |  1- 3 |  4- 6 || total
-------------------------+-------+-------++-------
Melee: Short sword       |    13 |    65 ||    78
       Kick              |     1 |     3 ||     4
 Fire: Shortbow          |   122 |    44 ||   166
  Use: Potion            |     2 |     2 ||     4
       Scroll            |       |     1 ||     1
  Eat: Chunk             |     1 |     3 ||     4
       Ration            |       |     1 ||     1
Armor: Robe              |    20 |    78 ||    98
Dodge: Dodged            |    41 |    75 ||   116
